 Dungeon Crawl Stone Soup version 0.26.1-11-gd32895ea62 (webtiles) character file.

Game seed: 5921265718830806029

46 Zeld the Slasher (level 3, -2/28 HPs)
             Began as a Human Gladiator on June 12, 2021.
             Killed from afar by Natasha (6 damage)
             ... with a magic dart
             ... on level 1 of the Dungeon.
             The game lasted 00:01:53 (1841 turns).

Zeld the Slasher (Human Gladiator)                  Turns: 1841, Time: 00:01:54

Health: -2/28      AC:  7    Str: 15    XL:     3   Next: 95%
Magic:  3/3        EV: 13    Int:  8    God:
Gold:   29         SH:  0    Dex: 14    Spells: 2/2 levels left

rFire    . . .     SeeInvis .   a - +0 long sword
rCold    . . .     Faith    .   (no shield)
rNeg     . . .     Spirit   .   b - +0 leather armour
rPois    .         Reflect  .   c - +0 helmet
rElec    .         Harm     .   o - +0 cloak (curse)
rCorr    .         Rampage  .   (no gloves)
Will     .....                  p - +1 pair of boots
Stlth    +.........             (no amulet)
HPRegen  0.09/turn              (no ring)
MPRegen  0.08/turn              (no ring)

@: slowed, very slow
A: no striking features
a: no special abilities


You were on level 1 of the Dungeon.
You visited 1 branch of the dungeon, and saw 2 of its levels.

You collected 29 gold pieces.

Inventory:

Hand Weapons
 a - a +0 long sword (weapon)
Missiles
 e - 4 poisoned darts (quivered)
 f - 101 stones
Armour
 b - a +0 leather armour (worn)
 c - a +0 helmet (worn)
 o - a cursed +0 cloak (worn)
 p - a +1 pair of boots (worn)
Scrolls
 g - 2 scrolls of amnesia {unknown}
 i - 2 scrolls of remove curse {unknown}
 j - 4 scrolls of identify {unknown}
 k - 5 scrolls of blinking {unknown}
 m - a scroll of magic mapping {unknown}
 q - a scroll of teleportation {unknown}
Potions
 h - a potion of cancellation {unknown}
 l - a potion of might {unknown}
 n - a potion of magic {unknown}


   Skills:
 + Level 2.4 Fighting
 * Level 3.6 Long Blades
 * Level 2.7 Throwing
 + Level 3.2 Dodging


You had 2 spell levels left.
You didn't know any spells.
Your spell library was empty.

Dungeon Overview and Level Annotations

Branches:
Dungeon (2/15)

Altars:
Nemelex Xobeh

Annotations:
D:1 Natasha


Message History

Natasha casts a spell at you.
You feel as though you will be slow longer.
The crimson imp hits you but does no damage.
You hit Natasha.
Natasha is lightly wounded.
Natasha barely misses you. The crimson imp closely misses you.
Natasha barely misses you.
Unknown command.
You hit Natasha.
Natasha is moderately wounded.
The crimson imp blinks!
Natasha claws you.
* * * LOW HITPOINT WARNING * * *
The crimson imp blinks!
Unknown command.
Natasha closely misses you.
You riposte.
You hit Natasha.
Natasha is severely wounded.
The crimson imp blinks!
Natasha casts a spell at you. The magic dart hits you.
You die...

.....# #.........#.#....###._.###
####.###.#.........#.....###.###.
#..†..#................#####..
##################......###... #
###≈≈≈# #.#......#..## # ##≈≈≈≈#
#.#........## # ##≈≈≈≈#
#..........### ########≈≈≈≈######
####.....#.... .......≈≈≈≈....h@#
#.....#.... .......≈≈≈.....§.#
#####.#.... .......≈≈≈.......#
#...... ......≈≈≈≈§..5...#
########..... ......≈≈≈≈.......#
#......#..... ......≈≈≈≈.......#
##+####.#..... ......≈≈≈........#
#.......#..... ......≈≈≈........#
#.......#.....
.....≈≈≈≈.......<###.......#.....


You could see Natasha and a crimson imp (summoned).

Vanquished Creatures
  An adder (D:2)
  2 dart slugs
  2 leopard geckos
  2 ball pythons (D:2)
  5 bats
  2 giant cockroaches (D:2)
  4 goblins (D:1)
  A hobgoblin (D:2)
  3 jackals (D:2)
  3 kobolds (D:2)
  3 frilled lizards (D:2)
  2 rats (D:1)
30 creatures vanquished.

Notes
Turn   | Place    | Note
-------+----------+-------------------------------------------
     0 | D:1      | Zeld the Human Gladiator began the quest for the Orb.
     0 | D:1      | Reached XP level 1. HP: 16/16 MP: 1/1
   280 | D:1      | Reached XP level 2. HP: 22/22 MP: 2/2
   559 | D:1      | Found a sparkling altar of Nemelex Xobeh.
  1090 | D:2      | Reached XP level 3. HP: 27/27 MP: 3/3
  1590 | D:2      | Noticed Natasha
  1841 | D:1      | Killed from afar by Natasha

Illustrated notes

Levels and vault maps discovered:
D:1:      lemuel_arrival_river_ford, layout_basic, chequers_jeans,
          minmay_door_square, serial_park_tiny_pond, minmay_crystal_water,
          nemelex_diamond_rough_becter
D:2:      layout_rooms, minmay_distorted, uniq_natasha

Action                   || total
-------------------------++-------
Melee: Long sword        ||    92
Throw: Throwing net      ||     3
 Stab: Sleeping          ||     1
Armor: Leather armour    ||    47
Dodge: Dodged            ||   114
       Rpst.: Long sword ||    29
